 Dungeon Crawl Stone Soup version 0.30.1-3-gfc49f6343a (webtiles) character file.

Game seed: 1934510940885032273

14201 gabky the Fighter (level 11, -7/104 HPs)
             Began as a Minotaur Berserker on Aug 3, 2023.
             Was a High Priest of Trog.
             Mangled by a four-headed hydra (12 damage)
             ... on level 2 of the Lair of Beasts.
             The game lasted 01:05:06 (13123 turns).

gabky the Fighter (Minotaur Berserker)             Turns: 13123, Time: 01:05:06

Health: -7/104     AC: 15    Str: 26    XL:     11   Next: 85%
Magic:  10/10      EV: 14    Int:  4    God:    Trog [*****.]
Gold:   394        SH:  5    Dex: 10    Spells: 10/10 levels left

rFire   . . .        N - +3 morningstar (protect)
rCold   . . .        (no shield)
rNeg    . . .        h - +1 ring mail
rPois   .            (helmet restricted)
rElec   .            s - scarf {shadows}
rCorr   .            (no gloves)
SInv    +            (no boots)
Will    ++...        L - amulet of reflection Stlth
                     M - ring of see invisible
HPRegen 1.37/turn    u - ring of flight
MPRegen 0.12/turn

%: reflection
@: lethally poisoned (-7 -> -10), strong-willed, under a protective aura, on
berserk cooldown, flying, regenerating, slowed, very slow
A: horns 2, retaliatory headbutt
a: Renounce Religion, Berserk, Trog's Hand, Brothers in Arms


You were on level 2 of the Lair of Beasts.
You worshipped Trog.
Trog was extremely pleased with you.
You visited 2 branches of the dungeon, and saw 11 of its levels.

You collected 655 gold pieces.
You spent 261 gold pieces at shops.

Inventory:

Hand Weapons
 a - a +0 hand axe
 f - a +0 mace
 N - a +3 morningstar of protection (weapon)
Missiles
 c - 65 stones (quivered)
 d - 19 poisoned darts
 t - 5 boomerangs
 F - 6 throwing nets
Armour
 b - a +0 animal skin
 h - a +1 ring mail (worn)
 s - a scarf of shadows (worn)
Magical Staves
 C - a staff of cold
 J - a staff of air
Jewellery
 l - a ring of protection from fire
 o - an amulet of magic regeneration
 u - a ring of flight (right hand)
 L - an amulet of reflection (around neck)
 M - a ring of see invisible (left hand)
Wands
 x - a wand of roots (16)
 H - a wand of mindburst (5)
Scrolls
 e - 2 scrolls of fear
 j - 2 scrolls of teleportation
 p - 2 scrolls of identify
 q - a scroll of poison {unknown}
 r - 2 scrolls of fog
 y - a scroll of acquirement {unknown}
 E - a scroll of noise {unknown}
 G - 2 scrolls of magic mapping
 I - a scroll of enchant weapon {unknown}
 K - a scroll of enchant armour
Potions
 g - 5 potions of curing
 k - a potion of brilliance {unknown}
 m - a potion of lignification {unknown}
 n - 4 potions of degeneration
 v - a potion of resistance {unknown}
 w - a potion of haste {unknown}
 z - a potion of flight {unknown}
 A - 3 potions of cancellation {unknown}
 B - 2 potions of attraction {unknown}
 D - a potion of mutation {unknown}


   Skills:
 * Level 12.2 Fighting
 - Level 3.8(8.3) Axes
 * Level 11.4(11.7) Maces & Flails
 * Level 11.8 Armour
 * Level 10.9 Dodging


You had 10 spell levels left.
You didn't know any spells.
Your spell library contained the following spells:

 Spells                   Type           Power      Damage    Failure   Level
 Beastly Appendage        Tmut           0%         N/A       61%         1
 Slow                     Hex            0%         N/A       61%         1
 Blink                    Tloc           0%         N/A       75%         2
 Cigotuvi's Dreadful Rot  Necr/Pois/Air  0%         N/A       75%         2
 Wereblood                Tmut           0%         N/A       75%         2
 Confusing Touch          Hex            0%         N/A       93%         3
 Ignite Poison            Fire/Tmut/Pois 0%         N/A       93%         3
 Inner Flame              Hex/Fire       0%         N/A       93%         3
 Spider Form              Tmut/Pois      0%         N/A       93%         3
 Vampiric Draining        Necr           0%         2d6       93%         3
 Manifold Assault         Tloc           0%         N/A       100%        4
 Freezing Cloud           Conj/Ice/Air   0%         6-21      100%        5
 Yara's Violent Unravell  Hex/Tmut       0%         3d3       100%        5
 Enfeeble                 Hex            0%         N/A       100%        7
 Storm Form               Tmut/Air       0%         N/A       100%        7


Dungeon Overview and Level Annotations

Branches:
Dungeon (9/15)             Temple (0/1) D:6            Lair (2/5) D:9
  Swamp: Lair:2-3    Shoals: Lair:2-3     Snake: Lair:2-3    Spider: Lair:2-3
    Orc: D:9-12

Altars:
Fedhas
Gozag
Hepliaklqana
Kikubaaqudgha
Makhleb
Nemelex Xobeh
Okawaru
Ru
Sif Muna
Trog
Vehumet
Wu Jian
Yredelemnul
Zin
The Shining One

Shops:
D:6 :   D:7 (


Innate Abilities, Weirdness & Mutations

You have a pair of horns on your head.
You reflexively headbutt those who attack you in melee.


Message History

You fail to use your ability.
The rime drake bites you but does no damage.
The four-headed hydra bites you!
The four-headed hydra closely misses you.
The four-headed hydra bites you.
The four-headed hydra completely misses you.
The rime drake bites you.
You feel much better. The ice encasing you melts away.
You block the rime drake's attack.
The four-headed hydra barely misses you.
The four-headed hydra bites you. The four-headed hydra bites you!
You block the four-headed hydra's attack.
The cane toad stings you.
You are poisoned.
The cane toad poisons you! The rime drake closely misses you.
The four-headed hydra bites you.
The four-headed hydra bites you but does no damage.
The four-headed hydra bites you! x2
* * * LOW HITPOINT WARNING * * *
Your skin crawls.
You feel strong-willed.
You feel very sick.
The cane toad stings you but does no damage.
The rime drake bites you but does no damage.
The four-headed hydra barely misses you.
You furiously retaliate!
You headbutt the four-headed hydra!
The four-headed hydra bites you but does no damage.
The four-headed hydra barely misses you.
The four-headed hydra bites you!
* * * LOW HITPOINT WARNING * * *
The rime drake barely misses you. You block the cane toad's attack.
You puncture the four-headed hydra!
Your weapon exudes an aura of protection.
You headbutt the four-headed hydra!
The four-headed hydra is heavily wounded.
* * * LOW HITPOINT WARNING * * *
You feel very sick. The four-headed hydra bites you!
You die...

...............##.
..................
.....................
..................... ....
...............##.P..###<.k.
####.#####..................
#. ##.....~~~~........ ##
##.....~##~........
#....@D~#≈~........
###.#Fk~~~≈.<.(....
#...#.............
.................##
..................P.
#...........!........
##.................##
...........#....#
............


You could see a four-headed hydra, a cane toad and a rime drake.

Vanquished Creatures
  Harold (D:9)
  A hydra (Lair:1)
  A boulder beetle (Lair:1)
  A two-headed ogre (D:6)
  Pikel (D:8)
  4 elephants (Lair:1)
  3 komodo dragons (Lair:1)
  A troll (D:9)
  Grinder (D:3)
  A wraith (D:6)
  2 wyverns
  21 yaks
  8 water moccasins
  2 orc warriors (D:9)
  An ice beast (D:7)
  2 sky beasts
  3 black bears
  An ogre (D:6)
  5 wolves (Lair:1)
  7 centaurs
  4 phantoms
  2 kobold brigands
  Blork the orc (D:4)
  6 bullfrogs
  A scorpion (D:5)
  2 gnoll sergeants
  A crimson imp (D:9)
  5 jellies
  8 orc priests
  Crazy Yiuf (D:6)
  4 gnoll boudas
  2 hounds (D:4)
  A sleepcap (D:6)
  Natasha (D:3)
  2 iguanas
  12 orc wizards
  5 hell rats (Lair:1)
  25 gnolls
  16 adders
  A shadow imp (D:5)
  2 white imps
  2 ufetubi (D:7)
  2 dart slugs
  4 worms
  35 orcs
  12 endoplasms
  4 giant cockroaches
  10 goblins
  10 hobgoblins
  5 jackals (D:5)
  15 kobolds
  8 quokkas
  9 ball pythons
  3 bats
  3 frilled lizards
  3 rats
294 creatures vanquished.

Notes
Turn   | Place    | Note
-------+----------+-------------------------------------------
     0 | D:1      | gabky the Minotaur Berserker began the quest for the Orb.
     0 | D:1      | Reached XP level 1. HP: 19/19 MP: 0/0
   141 | D:1      | Reached XP level 2. HP: 27/27 MP: 1/1
   310 | D:1      | Reached skill level 4 in Fighting
   403 | D:1      | Reached XP level 3. HP: 33/33 MP: 2/2
   444 | D:1      | Reached skill level 1 in Maces & Flails
  1079 | D:2      | Reached ** piety under Trog
  1080 | D:2      | Reached XP level 4. HP: 39/41 MP: 3/3
  1579 | D:3      | Found a basalt altar of Yredelemnul.
  1581 | D:3      | Noticed Natasha
  1740 | D:3      | Noticed Grinder
  1763 | D:3      | Paralysed by Grinder for 2 turns
  1923 | D:3      | Killed Natasha
  1978 | D:3      | Reached XP level 5. HP: 41/47 MP: 4/4
  2662 | D:4      | Noticed a phantom
  2672 | D:3      | Killed a phantom
  2673 | D:3      | Reached skill level 5 in Fighting
  2673 | D:3      | Reached XP level 6. HP: 56/56 MP: 5/5
  2818 | D:3      | Killed Grinder
  3316 | D:4      | Reached skill level 5 in Armour
  3316 | D:4      | Reached XP level 7. HP: 62/62 MP: 6/6
  3537 | D:4      | Identified the +9 whip of Vonweidu {venom, rF- Int+5
                  | Stlth+}
  3560 | D:4      | Reached *** piety under Trog
  3561 | D:4      | Reached skill level 6 in Fighting
  3652 | D:4      | Found a hazy altar of Hepliaklqana.
  3658 | D:4      | Noticed Blork the orc
  3665 | D:4      | Killed Blork the orc
  3811 | D:5      | Entered Level 5 of the Dungeon
  3834 | D:5      | Reached skill level 5 in Dodging
  4249 | D:4      | Reached skill level 5 in Maces & Flails
  4429 | D:5      | Found an opulent altar of Gozag.
  4757 | D:5      | Reached XP level 8. HP: 65/71 MP: 7/7
  5520 | D:6      | Reached skill level 7 in Fighting
  5760 | D:6      | Found Xah Ecoh's Book Shoppe.
  5969 | D:6      | Found an ancient bone altar of Kikubaaqudgha.
  6282 | D:6      | Noticed a two-headed ogre
  6291 | D:6      | Killed a two-headed ogre
  6292 | D:6      | Reached skill level 8 in Fighting
  6292 | D:6      | Reached XP level 9. HP: 82/82 MP: 8/8
  6816 | D:6      | Found a sparkling altar of Nemelex Xobeh.
  6847 | D:6      | Found a glowing silver altar of Zin.
  6871 | D:6      | Reached **** piety under Trog
  6971 | D:6      | Reached skill level 9 in Fighting
  6977 | D:6      | Found a shimmering blue altar of Sif Muna.
  7014 | D:6      | Found a runed translucent door.
  7015 | D:6      | Noticed Crazy Yiuf
  7022 | D:6      | Killed Crazy Yiuf
  7275 | D:6      | Found a staircase to the Ecumenical Temple.
  7466 | D:6      | You are sucked into a shaft and drop 3 floors!
  7640 | D:9      | Found a burning altar of Makhleb.
  7641 | D:9      | Found a radiant altar of Vehumet.
  8010 | D:9      | Reached XP level 10. HP: 65/91 MP: 9/9
  8724 | D:9      | Noticed Harold
  8743 | D:9      | Killed Harold
  8744 | D:9      | Reached skill level 10 in Fighting
  8835 | D:9      | Found a staircase to the Lair.
  8857 | D:9      | Found a glowing golden altar of the Shining One.
  8993 | D:9      | Found an iron altar of Okawaru.
  9399 | D:8      | Reached skill level 10 in Armour
  9872 | D:8      | Found a sacrificial altar of Ru.
 10004 | D:8      | Found a blossoming altar of Fedhas.
 10006 | D:8      | Found a bloodstained altar of Trog.
 10694 | D:8      | Noticed Pikel
 10706 | D:8      | Killed Pikel
 10740 | D:8      | Identified the +0 sling of the Lair of Beasts {flame, rC+
                  | Int+5}
 11028 | D:7      | Found Ostimeunwa's Weapon Shoppe.
 11065 | D:7      | Bought a +3 morningstar of protection for 261 gold pieces
 11263 | D:7      | Reached ***** piety under Trog
 11563 | D:7      | Reached skill level 10 in Maces & Flails
 11619 | D:7      | Reached XP level 11. HP: 101/101 MP: 10/10
 11720 | D:7      | Found an ornate altar of the Wu Jian Council.
 11990 | Lair:1   | Entered Level 1 of the Lair of Beasts
 12053 | Lair:1   | Reached skill level 11 in Fighting
 12138 | Lair:2   | Noticed a four-headed hydra
 12303 | Lair:1   | Reached skill level 10 in Dodging
 12517 | Lair:1   | Noticed a boulder beetle
 12567 | Lair:1   | Killed a boulder beetle
 13033 | Lair:1   | Reached skill level 12 in Fighting
 13094 | Lair:1   | Noticed a four-headed hydra
 13101 | Lair:1   | Killed a four-headed hydra
 13103 | Lair:1   | You are sucked into a shaft and drop 1 floor!
 13123 | Lair:2   | HP: 5/104 [poisoned by a cane toad]
 13123 | Lair:2   | Mangled by a four-headed hydra

Illustrated notes

Levels and vault maps discovered:
D:1:      sevenhm_arrival_forest_fort_small_6, layout_loops_ring,
          minmay_misc_feat_four_crosses, glass_columns_a, grunt_decor_junction
D:2:      layout_loops_ring, serial_bayou_lagoon_a, palyth_stone_intersect
D:3:      minmay_thinvault, layout_rooms, nicolae_overflow_crystal_walls,
          uniq_grinder, uniq_natasha
D:4:      nicolae_cairo_tiling_large_dashed, layout_basic,
          mainiacjoe_overflow_six_doors_small, serial_bayou,
          serial_bayou_ford_a, serial_bayou_shore_a, serial_bayou_pond_e,
          serial_bayou_shore_b, uniq_blork_the_orc
D:5:      layout_loops_corners, mainiacjoe_overflow_catwalk
D:6:      cheibrodos_fzero, layout_basic, old_standard_altar,
          mainiacjoe_overflow_large_starburst,
          mainiacjoe_overflow_concentric_impassable, lemuel_temple_firewalk_b,
          serial_shops, kennysheep_mini_moat, grunt_ministairs_1, st_stairs_4,
          minivault_27, uniq_crazy_yiuf_cottage
D:7:      layout_cave_pods, nicolae_overflow_hidden_temple,
          general_overflow_altar, serial_shops, shop
D:8:      layout_loops_corners, nicolae_overflow_squiral,
          mainiacjoe_overflow_brackets, nicolae_hexahallways, minivault_25,
          uniq_pikel
D:9:      layout_basic, grunt_temple_overflow_lords_of_destruction,
          hellmonk_okawaru_the_only_friend_you_need, tso_altar,
          lair_entry_dummy, uniq_harold
Lair:1:   layout_hall_layers, serial_bayou_pond_e
Lair:2:   layout_gridlike, minmay_snake_entry_guardpost_small

Skill      XL: |  1  2  3  4  5  6  7  8  9 10 11 |
---------------+----------------------------------+-----
Fighting       | 4 5 6 8 9 10 12 | 12.2
Armour         | 3 4 5 6 7 9 10 11 | 11.8
Maces & Flails | 1 2 3 5 7 8 10 11 | 11.4
Dodging        | 3 4 5 7 8 9 10 | 10.9
Axes           | |  3.8

Action                     |  1- 3 |  4- 6 |  7- 9 | 10-12 || total
---------------------------+-------+-------+-------+-------++-------
  Melee: Hand axe          |    17 |       |       |       ||    17
         Headbutt          |    10 |    23 |    52 |    73 ||   158
         Mace              |    54 |   121 |   297 |   198 ||   670
         Punch             |       |     1 |     1 |     6 ||     8
         Morningstar       |       |       |       |   186 ||   186
  Throw: Stone             |     6 |    15 |     8 |    22 ||    51
         Dart              |       |     4 |       |       ||     4
 Invoke: Berserk           |     1 |     5 |     7 |     7 ||    20
         Trog's Hand       |       |       |     1 |     1 ||     2
    Use: Potion            |       |       |     2 |     2 ||     4
         Scroll            |       |       |       |     7 ||     7
 Armour: Animal skin       |     2 |       |       |       ||     2
         Ring mail         |    15 |    33 |    90 |   132 ||   270
  Dodge: Dodged            |    41 |    62 |   179 |   229 ||   511
  Block: Other             |       |       |       |    62 ||    62
